 Dungeon Crawl Stone Soup version 0.26.1-11-gd32895ea62 (webtiles) character file.

Game seed: 4268274688977000860

50 DildoBatman the Conjurer (level 4, -2/30 HPs)
             Began as a Formicid Conjurer on July 17, 2021.
             Slain by an adder (3 damage)
             ... on level 2 of the Dungeon.
             The game lasted 00:03:26 (1192 turns).

DildoBatman the Conjurer (Formicid Conjurer)        Turns: 1192, Time: 00:03:26

Health: -2/30      AC:  2    Str: 12    XL:     4   Next: 4%
Magic:  2/7        EV: 12    Int: 17    God:
Gold:   98         SH:  0    Dex: 10    Spells: 4/7 levels left

rFire    . . .     SeeInvis +   b - +0 club
rCold    . . .     Faith    .   (no shield)
rNeg     . . .     Spirit   .   a - +0 robe
rPois    .         Reflect  .   (helmet unavailable)
rElec    .         Harm     .   (no cloak)
rCorr    .         Rampage  .   (no gloves)
Will     .....                  (no boots)
Stlth    ++........             (no amulet)
HPRegen  0.10/turn              (no ring)
MPRegen  0.10/turn              (no ring)

@: lethally poisoned (-2 -> -4)
A: permanent stasis, dig shafts and tunnels, four strong arms, antennae 3
a: Dig, Shaft Self


You were on level 2 of the Dungeon.
You visited 1 branch of the dungeon, and saw 2 of its levels.

You collected 98 gold pieces.

Inventory:

Hand Weapons
 b - a +0 club (weapon)
Missiles
 d - 21 stones
 h - 24 bolts
Armour
 a - a +0 robe (worn)
Scrolls
 c - 2 scrolls of identify {unknown}
 f - a scroll of fog {unknown}
 g - a scroll of remove curse {unknown}
Potions
 e - a potion of lignification {unknown}


   Skills:
 - Level 1.7 Dodging
 - Level 2.4 Stealth
 - Level 2.1 Spellcasting
 * Level 4.9 Conjurations


You had 4 spell levels left.
You knew the following spells:

 Your Spells              Type           Power        Failure   Level
a - Searing Ray           Conj           36%          3%          2
c - Magic Dart            Conj           72%          2%          1

Your spell library contained the following spells:

 Spells                   Type           Power        Failure   Level
 Dazzling Flash           Conj/Hex       20%          22%         3
 Fulminant Prism          Conj/Hex       5%           56%         4
 Iskenderun's Mystic Bla  Conj/Tloc      10%          56%         4


Dungeon Overview and Level Annotations

Branches:
Dungeon (2/15)

Altars:


Innate Abilities, Weirdness & Mutations

You cannot be hasted, slowed, berserked, paralysed or teleported.
You can dig through walls and to a lower floor.
Your four strong arms can wield two-handed weapons with a shield.
You have a pair of large antennae on your head. (SInv)


Message History

g - Guard the area. f - Follow me.
Anything else - Cancel.
You shout for attention!
The adder bites you.
You are poisoned.
The adder poisons you! The jackal closely misses you. The jackal bites you.
The adder bites you. What are your orders? t - Shout!
Orders for allies: a - Attack new target. r - Retreat! s - Stop attacking. g - Guard the area. f - Follow me.
Anything else - Cancel.
You shout for attention!
You feel sick. The jackal barely misses you. x2
The adder bites you.
You die...

.. ..# #. #..####.
#.###..##^..# # .. )..
....# ### #.# #. #.#
...# ##.#
#...##.##.####..###†##
#............#..##.##
#S@........#†##
#hh#.##.#.#†######
#.....(†..<.......#
##.#...............
..>..##>#..######.#
####..##.##.#
#..##.##.#
###..##.##†#
#....##.##.#


You could see an adder and 2 jackals.

Vanquished Creatures
  A dart slug (D:2)
  A leopard gecko (D:1)
  4 giant cockroaches
  5 goblins
  9 hobgoblins (D:1)
  4 jackals (D:2)
  A quokka (D:2)
  5 bats (D:1)
  4 frilled lizards
  4 kobolds
  A rat (D:1)
39 creatures vanquished.

Notes
Turn   | Place    | Note
-------+----------+-------------------------------------------
     0 | D:1      | DildoBatman the Formicid Conjurer began the quest for the
                  | Orb.
     0 | D:1      | Reached XP level 1. HP: 13/13 MP: 3/3
   235 | D:1      | Reached XP level 2. HP: 15/19 MP: 1/5
   238 | D:1      | Learned a level 2 spell: Searing Ray
   294 | D:1      | Reached skill level 4 in Conjurations
   509 | D:1      | Reached XP level 3. HP: 21/24 MP: 3/6
  1176 | D:2      | Reached XP level 4. HP: 18/30 MP: 0/7
  1192 | D:2      | HP: 1/30 [poisoned by an adder]
  1192 | D:2      | Slain by an adder

Illustrated notes

Levels and vault maps discovered:
D:1:      nicolae_arrival_memento_mori, layout_basic
D:2:      layout_loops_ring, uniq_terence

Skill      XL: |  1  2 |
---------------+-------+-----
Conjurations   | 4 |  4.9
Dodging        | |  1.7
Stealth        | |  2.4
Spellcasting   | |  2.1

Action                   |  1- 3 |  4- 6 || total
-------------------------+-------+-------++-------
Melee: Club              |    43 |       ||    43
 Cast: Magic Dart        |    22 |       ||    22
       Searing Ray       |    15 |       ||    15
 Abil: Dig               |     7 |       ||     7
Armor: Robe              |    24 |     5 ||    29
Dodge: Dodged            |    71 |    13 ||    84
